 Dungeon Crawl Stone Soup version 0.30-a0-341-g682706514a (webtiles) character file.

Game seed: 11563920660399760141

91 retardedninja the Trooper (level 4, -2/61 HPs)
             Began as a Hill Orc Fighter on Nov 1, 2022.
             Slain by a gnoll
             ... wielding a +0 flail
              (3 damage)
             ... on level 3 of the Dungeon.
             The game lasted 00:03:16 (2083 turns).

retardedninja the Trooper (Hill Orc Fighter)        Turns: 2083, Time: 00:03:16

Health: -2/61      AC: 22    Str: 20    XL:     4   Next: 57%
Magic:  4/4        EV:  2    Int:  8    God:
Gold:   109        SH:  4    Dex: 10    Spells: 3/3 levels left

rFire   . . .      SeeInvis .    a - +0 war axe
rCold   . . .      Faith    .    c - +0 buckler
rNeg    . . .      Spirit   .    (body armour currently unavailable)
rPois   +          Reflect  .    (helmet currently unavailable)
rElec   .          Harm     .    (cloak currently unavailable)
rCorr   .          Rampage  .    (gloves currently unavailable)
Will    .....      NoTele   +    (boots currently unavailable)
Stlth   +.........               (no amulet)
HPRegen 0.30/turn                (no ring)
MPRegen 0.09/turn                (no ring)

@: mighty, tree-form
A: stationary, stasis, torment immunity, boosted hp
a: no special abilities


You were on level 3 of the Dungeon.
You were a tree.
You visited 1 branch of the dungeon, and saw 3 of its levels.

You collected 109 gold pieces.

Inventory:

Hand Weapons
 a - a +0 war axe (weapon)
Missiles
 n - a throwing net (quivered)
Armour
 b - a +0 scale mail
 c - a +0 buckler (worn)
 k - a +0 plate armour (melded)
Jewellery
 q - a ring of flight
Scrolls
 e - 2 scrolls of enchant weapon {unknown}
 f - 3 scrolls of magic mapping {unknown}
 g - a scroll of poison {unknown}
 h - 2 scrolls of vulnerability {unknown}
 i - 2 scrolls of identify {unknown}
 j - a scroll of immolation {unknown}
 m - a scroll of fog {unknown}
 p - a scroll of enchant armour {unknown}
Potions
 l - a potion of lignification
 o - a potion of berserk rage {unknown}
 r - a potion of cancellation {unknown}


   Skills:
 + Level 4.5 Fighting
 + Level 3.7 Axes
 + Level 4.0 Armour
 + Level 4.0 Shields


You had 3 spell levels left.
You didn't know any spells.
Your spell library contained the following spells:

 Spells                   Type           Power      Damage    Failure   Level
 Magic Dart               Conj           0%         1d3       50%         1
 Blink                    Tloc           0%         N/A       63%         2
 Call Imp                 Summ           0%         N/A       63%         2
 Momentum Strike          Conj/Tloc      0%         3d8       63%         2
 Lesser Beckoning         Tloc           0%         N/A       86%         3
 Mephitic Cloud           Conj/Pois/Air  0%         N/A       86%         3


Dungeon Overview and Level Annotations

Branches:
Dungeon (3/15)

Altars:
Ru
Sif Muna
Yredelemnul


Message History

The adder is lightly wounded.
You feel sick. The adder bites you but does no damage.
A gnoll comes into view. It is wielding a +0 flail.
You barely miss the adder.
The adder is lightly wounded.
You hit the gnoll.
You feel sick. The adder bites you but does no damage.
The gnoll hits you with a +0 flail. You block the adder's attack.
You barely miss the adder.
The adder is lightly wounded.
You barely miss the gnoll.
You feel sick. You block the adder's attack.
The gnoll hits you with a +0 flail. The adder barely misses you.
The gnoll hits you but does no damage. You block the gnoll's attack.
You miss the adder.
The adder is lightly wounded.
You completely miss the gnoll.
You feel sick. You block the adder's attack.
The gnoll hits you with a +0 flail!
* * * LOW HITPOINT WARNING * * *
The gnoll hits you but does no damage. The adder bites you.
* * * LOW HITPOINT WARNING * * *
It was a potion of lignification.
You turn into a tree.
Your +0 plate armour melds into your body.
Your roots penetrate the ground.
You feel sick.
You are no longer poisoned.
The adder bites you.
* * * LOW HITPOINT WARNING * * *
You block the gnoll's attack. x2
You feel very mighty all of a sudden. The adder bites you.
* * * LOW HITPOINT WARNING * * *
The gnoll hits you with a +0 flail.
* * * LOW HITPOINT WARNING * * *
The gnoll hits you but does no damage.
You closely miss the gnoll. You slash the adder!
The adder bites you but does no damage. The gnoll hits you with a +0 flail.
* * * LOW HITPOINT WARNING * * *
The gnoll hits you but does no damage. The adder bites you but does no damage.
You closely miss the gnoll. You completely miss the adder.
The adder bites you but does no damage. The gnoll hits you but does no damage.
The gnoll hits you with a +0 flail.
You die...

.... .... ### ## .). #..
.# .. #.##.####
.##.#...... #####
#........#
#...#!###.#....#
#...#.)....)gg.#
#...#####.#♣##.#
######...#####.#.Sg.....
.....'...'>....#.##.#...
######...#.###.#.# ..
### #...#.# ..#.# #..
..####...#.#####.. .
.........#.# ###
...†...###.#
........##.###


You could see 3 gnolls and an adder.

Vanquished Creatures
  Robin (D:2)
  3 adders (D:2)
  A worm (D:3)
  A dart slug (D:2)
  4 orcs (D:3)
  2 endoplasms (D:1)
  2 giant cockroaches
  9 goblins
  5 hobgoblins
  A quokka (D:2)
  3 bats
  7 frilled lizards
  3 kobolds
  2 rats
44 creatures vanquished.

Vanquished Creatures (others)
  A hobgoblin (D:3)
  A kobold (D:3)
2 creatures vanquished.

Grand Total: 46 creatures vanquished

Notes
Turn   | Place    | Note
-------+----------+-------------------------------------------
     0 | D:1      | retardedninja the Hill Orc Fighter began the quest for the
                  | Orb.
     0 | D:1      | Reached XP level 1. HP: 19/19 MP: 1/1
   138 | D:1      | You fall into a shaft and drop 1 floor!
   141 | D:2      | Found a sacrificial altar of Ru.
   157 | D:2      | Reached XP level 2. HP: 22/27 MP: 2/2
   360 | D:2      | Reached XP level 3. HP: 33/33 MP: 3/3
   511 | D:1      | Found a faded altar of an unknown god.
  1084 | D:2      | Identified the +2 helmet of Antiur {Drain rC+ Regen+ MP+9}
  1084 | D:2      | Noticed Robin
  1093 | D:2      | Killed Robin
  1094 | D:2      | Reached XP level 4. HP: 34/41 MP: 4/4
  1781 | D:3      | Found a runed translucent door.
  1781 | D:3      | Noticed a human
  1785 | D:3      | Found a basalt altar of Yredelemnul.
  1993 | D:3      | Found a shimmering blue altar of Sif Muna.
  2082 | D:3      | HP: 1/61 [gnoll/+0 flail (6)]
  2083 | D:3      | Slain by a gnoll

Illustrated notes

Levels and vault maps discovered:
D:1:      lemuel_arrival_river_ford, layout_basic, basic_ecumenical_altar,
          minmay_lizard_pond
D:2:      layout_basic, basic_altar, uniq_robin
D:3:      layout_basic, nicolae_overflow_crystal_walls,
          overflow_temple_1_default, dk_yredelemnul_ordeal,
          kennysheep_cross_room

Skill      XL: |  1  2  3  4 |
---------------+-------------+-----
Axes           | 3 |  3.7
Fighting       | 4 |  4.5
Shields        | 4 |  4.0
Armour         | 4 |  4.0

Action                   |  1- 3 |  4- 6 || total
-------------------------+-------+-------++-------
Melee: War axe           |    71 |    42 ||   113
  Use: Potion            |     1 |     2 ||     3
Armor: Scale mail        |    22 |       ||    22
       Plate armour      |    24 |    26 ||    50
       Skin              |       |     6 ||     6
Dodge: Dodged            |    32 |    13 ||    45
Block: Buckler           |    16 |    13 ||    29

Table legend: (Time is in decaauts)
 A = Elapsed time spent in this place.
 B = Non-inter-level travel time spent in this place.
 C = Inter-level travel time spent in this place.
 D = Time resting spent in this place.
 E = Time spent auto-exploring this place.
 F = Levels seen in this place.
 G = Mean time per level.
                   A        B        C        D        E       F      G
               +--------+--------+--------+--------+--------+-----+--------+
         Total |   2132 |   2011 |    121 |      0 |   1569 |   3 |  710.7 |
       Dungeon |   2132 |   2011 |    121 |      0 |   1569 |   3 |  710.7 |
               +--------+--------+--------+--------+--------+-----+--------+

Top non-repeatable levels by time:
     D:2: 1041 daAuts
     D:1: 603 daAuts
     D:3: 488 daAuts
